 Dungeon Crawl Stone Soup version 0.19-a0-291-ga637243 (webtiles) character file.

11 mistymad the Ruffian (level 2, 0/25 HPs)
             Began as a Naga Transmuter on May 27, 2016.
             Slain by a ball python (1 damage)
             ... on level 1 of the Dungeon.
             The game lasted 00:02:02 (550 turns).

mistymad the Ruffian (Naga Transmuter)               Turns: 550, Time: 00:02:02

Health: 0/25       AC:  1    Str: 12    XL:     2   Next: 29%
Magic:  4/5        EV: 10    Int: 13    God:
Gold:   0          SH:  0    Dex: 11    Spells: 1 memorised, 4 levels left

rFire  . . .     SeeInvis +       - Unarmed
rCold  . . .     Gourm    .     b - +0 robe
rNeg   . . .     Faith    .     (no shield)
rPois  +         Spirit   .     (no helmet)
rElec  .         Dismiss  .     (no cloak)
rCorr  .         Reflect  .     (no gloves)
SustAt .         Harm     .     (no barding)
MR     .....                    (no amulet)
Stlth  +.........               (no ring)
                                (no ring)

@: appendage (expiring), very slow, not resistant to hostile enchantments, very
unstealthy
A: horns 2, see invisible, deformed body, poison resistance, slowness 2, slow
metabolism 1, spit poison 2, AC +0
a: Spit Poison, End Transformation


You were on level 1 of the Dungeon.
You were not hungry.
You had grown temporary horns.
You visited 1 branch of the dungeon, and saw 1 of its levels.

Inventory:

Missiles
 a - 22 arrows
Armour
 b - a +0 robe (worn)
Scrolls
 h - a scroll of identify {unknown}
Potions
 e - a potion of might {unknown}
 g - a potion of degeneration {unknown}
Books
 c - a book of Changes

   Spells                             Type                      Level
   a - Beastly Appendage              Transmutation                1
   b - Sticks to Snakes               Transmutation                2
   c - Spider Form                    Transmutation/Poison         3
   d - Ice Form                       Ice/Transmutation            4
   e - Blade Hands                    Transmutation                5
Comestibles
 d - a bread ration


   Skills:
 + Level 1.5 Fighting
 + Level 1.7 Dodging
 + Level 3.1 Unarmed Combat
 + Level 2.1 Spellcasting
 + Level 2.1 Transmutations


You had 4 spell levels left.
You knew the following spells:

 Your Spells              Type           Power        Failure   Level  Hunger
a - Beastly Appendage     Tmut           #.....       12%         1    ##.....


Dungeon Overview and Level Annotations

Branches:
Dungeon (1/15)

Altars:


Innate Abilities, Weirdness & Mutations

You cannot wear boots.
Your serpentine skin is tough (AC +0).
You have supernaturally acute eyesight. (SInv)
Armour fits poorly on your strangely shaped body.
Your system is resistant to poisons. (rPois)
You cover ground very slowly.
You have a slow metabolism.
You can spit poison.
You have a pair of horns on your head.


Message History

The ball python bites you.
* * * LOW HITPOINT WARNING * * *
You take 1 damage, and have 2/25 hp.
Casting: Beastly Appendage
Confirm with . or Enter, or press ? or * to list all spells.
You grow a pair of large bovine horns.
The ball python bites you.
* * * LOW HITPOINT WARNING * * *
You now have 4/5 mp.
You hit the ball python.
The ball python is moderately wounded.
The ball python barely misses you.
You closely miss the ball python.
The ball python bites you but does no damage.
You completely miss the ball python. Your headbutt misses the ball python.
Your transformation is almost over.
The ball python bites you.
* * * LOW HITPOINT WARNING * * *
You take 1 damage, and have 1/25 hp.
You barely miss the ball python. The ball python bites you.
You die...

#.# .......# #.#
......# #.#
.....# #
#.#####?#..#
#.###...†......#
#...........#.##
####g######## #
#S# #@# #†# #.#
#.#.# #.# #.#.#
#.# #.#.. #.#
#.... #.# #....
#.# #...# #.#
#########..[#


You could see a goblin and a ball python.

Vanquished Creatures
  A dart slug (D:1)
  A giant cockroach (D:1)
  A goblin (D:1)
  A hobgoblin (D:1)
  A giant newt (D:1)
  3 kobolds (D:1)
  2 rats (D:1)
10 creatures vanquished.

Notes
Turn   | Place    | Note
--------------------------------------------------------------
     0 | D:1      | mistymad the Naga Transmuter began the quest for the Orb.
     0 | D:1      | Reached XP level 1. HP: 18/18 MP: 3/3
   259 | D:1      | Reached XP level 2. HP: 17/25 MP: 3/5
   549 | D:1      | HP: 1/25 [ball python (1)]
   550 | D:1      | Slain by a ball python

Vault maps used:
D:1:      dpeg_arrival_concentric_ovals

Action                   || total
-------------------------++-------
Melee: Unarmed           ||    46
       Headbutt          ||     3
       Punch             ||     1
 Cast: Beastly Appendage ||     9
Armor: Robe              ||     9
Dodge: Dodged            ||    22
